 Dungeon Crawl Stone Soup version 0.31.0-11-ge490571c62 (webtiles) character file.

Game seed: 9654678476926157144

8 browni3141 the Conjurer (level 2, -1/19 HPs)
             Began as a Demonspawn Conjurer on Jan 30, 2024.
             Slain by a hobgoblin (2 damage)
             ... on level 1 of the Dungeon.
             The game lasted 00:00:13 (221 turns).

browni3141 the Conjurer (Demonspawn Conjurer)        Turns: 221, Time: 00:00:14

Health: -1/19      AC:  2    Str:  7    XL:     2   Next: 0%
Magic:  2/5        EV: 12    Int: 20    God:
Gold:   35         SH:  0    Dex: 11    Spells: 4/5 levels left

rFire   . . .        c - +0 falchion
rCold   . . .        (no shield)
rNeg    . . .        a - +0 robe
rPois   .            (no helmet)
rElec   .            (no cloak)
rCorr   .            (no gloves)
SInv    .            (no boots)
Will    .....        (no amulet)
Stlth   ++           (no ring)
HPRegen 0.23/turn    (no ring)
MPRegen 0.09/turn

%: no passive effects
@: no status effects
A: big brain 1
a: no special abilities


You were on level 1 of the Dungeon.
You visited 1 branch of the dungeon, and saw 1 of its levels.

You collected 35 gold pieces.

Inventory:

Hand Weapons
 c - a +0 falchion (weapon)
Armour
 a - a +0 robe (worn)
Jewellery
 d - an amulet of guardian spirit
Potions
 b - a potion of magic


   Skills:
 + Level 2.0 Dodging
 + Level 2.0 Stealth
 + Level 2.1 Spellcasting
 + Level 4.1 Conjurations


You had 4 spell levels left.
You knew the following spells:

 Your Spells              Type           Power      Damage    Failure   Level
a - Magic Dart            Conj           72%        1d6       3%          1

Your spell library contained the following spells:

 Spells                   Type           Power      Damage    Failure   Level
 Searing Ray              Conj           36%        2d5       4%          2
 Fulminant Prism          Conj/Alch      5%         3d7       54%         4
 Iskenderun's Mystic Bla  Conj/Tloc      10%        2d4       54%         4


Dungeon Overview and Level Annotations

Branches:
Dungeon (1/15)

Altars:


Innate Abilities, Weirdness & Mutations

You have an unusually large brain. (Int +2)


Message History

c - a +0 falchion (weapon)
The jackal misses you.
You closely miss the jackal.
The jackal is moderately wounded.
The jackal closely misses you. The jackal completely misses you.
You closely miss the jackal.
The jackal is moderately wounded.
The jackal completely misses you.
The jackal bites you but does no damage.
You barely miss the jackal.
The jackal is moderately wounded.
The jackal bites you but does no damage.
The jackal bites you.
You closely miss the jackal.
The jackal is moderately wounded.
The jackal bites you but does no damage.
You barely miss the jackal.
The jackal is moderately wounded.
The jackal barely misses you. The jackal misses you.
You completely miss the jackal. The jackal misses you.
The jackal barely misses you.
You miss the jackal. The jackal barely misses you.
The jackal completely misses you.
You hit the jackal.
The jackal is severely wounded.
The jackal bites you. The jackal closely misses you.
You barely miss the jackal.
The jackal is severely wounded.
The jackal misses you. The jackal bites you.
You slash the jackal!
You kill the jackal!
You see here a jackal corpse.
Magic restored.
HP restored.
You see here a jackal corpse.
An endoplasm comes into view.
An endoplasm is nearby!
An endoplasm is nearby!
An endoplasm is nearby!
The magic dart hits the endoplasm.
The endoplasm is almost dead.
The endoplasm quivers.
The magic dart hits the endoplasm.
You kill the endoplasm!
You can't see any susceptible monsters within range! (Use Z to cast anyway.)
You can't see any susceptible monsters within range! (Use Z to cast anyway.)
d - an amulet of guardian spirit An endoplasm comes into view.
An endoplasm is nearby!
The magic dart hits the endoplasm.
The endoplasm is lightly wounded.
The endoplasm quivers.
The magic dart hits the endoplasm.
The endoplasm is severely wounded.
The magic dart hits the endoplasm.
You kill the endoplasm!
A jackal comes into view.
A jackal is nearby!
A jackal is nearby!
The magic dart hits the jackal but does no damage.
The jackal barks!
You hear a bark!
You hear a shout!
A jackal comes into view.
The magic dart hits the jackal.
The jackal is severely wounded.
The jackal barks!
A hobgoblin comes into view.
The magic dart hits the jackal.
You kill the jackal!
Your Stealth skill increases to level 2!
You are out of magic!
You see here 13 gold pieces.
The jackal bites you.
You hit the jackal.
The jackal is heavily wounded.
The jackal closely misses you. The jackal misses you.
You hit the jackal.
The jackal is severely wounded.
The jackal barely misses you. The jackal bites you.
You slash the jackal!
You kill the jackal!
The hobgoblin hits you.
Your Dodging skill increases to level 2!
You have reached level 2!
Your demonic ancestry asserts itself...
Your brain expands.
The hobgoblin closely misses you.
The hobgoblin hits you but does no damage.
The hobgoblin barely misses you. The hobgoblin hits you.
The hobgoblin hits you. The hobgoblin hits you. The hobgoblin hits you.
The hobgoblin barely misses you. The hobgoblin misses you.
The hobgoblin misses you. The hobgoblin closely misses you.
The hobgoblin closely misses you. The hobgoblin hits you.
The hobgoblin hits you.
You die...

.# #.# .# #.#
.###.. #...#
#.†######.#.#
#....g@$....#
#.#######...#
#...#
#####...#
........#
####....#
###...#.######
.............#
.##...##.###.#


You could see a hobgoblin.

Vanquished Creatures
  2 endoplasms (D:1)
  4 jackals (D:1)
6 creatures vanquished.

Notes
Turn   | Place    | Note
-------+----------+-------------------------------------------
     0 | D:1      | browni3141 the Demonspawn Conjurer began the quest for the
                  | Orb.
     0 | D:1      | Reached XP level 1. HP: 13/13 MP: 3/3
   208 | D:1      | Gained mutation: You have an unusually large brain. (Int
                  | +2) [demonic ancestry]
   208 | D:1      | Reached XP level 2. HP: 10/19 MP: 0/5
   221 | D:1      | Slain by a hobgoblin

Illustrated notes

Levels and vault maps discovered:
D:1:      zaba_arrival_water, layout_loops_ring

Skill      XL: |  1 |
---------------+----+-----
Stealth        | 2 |  2.0
Dodging        | 2 |  2.0
Spellcasting   | |  2.1
Conjurations   | |  4.1

Action                     || total
---------------------------++-------
  Melee: Falchion          ||    13
   Cast: Magic Dart        ||    11
 Armour: Robe              ||    16
  Dodge: Dodged            ||    23
